 Dungeon Crawl Stone Soup version 0.20-a0-641-g673355a (webtiles) character file.

16 Chiseanne the Grasshopper (level 2, 0/15 HPs)
             Began as a Spriggan Wanderer on Feb 13, 2017.
             Slain by Natasha (7 damage)
             ... on level 2 of the Dungeon.
             The game lasted 00:03:05 (1085 turns).

Chiseanne the Grasshopper (Spriggan Wanderer)       Turns: 1085, Time: 00:03:06

Health: 0/15       AC:  2    Str:  8    XL:     2   Next: 41%
Magic:  6/6        EV: 16    Int: 14    God:
Gold:   35         SH:  0    Dex: 14    Spells: 1/5 levels left

rFire    . . .     SeeInvis +   a - +2 spear
rCold    . . .     Gourm    .   c - +0 robe (curse)
rNeg     . . .     Faith    .   (shield restricted)
rPois    .         Spirit   .   (helmet restricted)
rElec    .         Reflect  .   (no cloak)
rCorr    .         Harm     .   (gloves unavailable)
MR       .....                  (boots unavailable)
Stlth    ++........             (no amulet)
Regen    0.1/turn               (no ring)
MPRegen  0.1/turn               (no ring)

@: slowed, quick
A: unfitting armour, see invisible, herbivore 3, speed 3, slow metabolism 2
a: no special abilities


You were on level 2 of the Dungeon.
You were not hungry.

You visited 1 branch of the dungeon, and saw 2 of its levels.

You collected 35 gold pieces.

Inventory:

Hand Weapons
 a - a +2 spear (weapon)
 h - a +1 hunting sling of velocity
Missiles
 i - 73 stones (quivered)
 j - 7 poisoned needles
Armour
 c - a cursed +0 robe (worn)
Scrolls
 k - a scroll of remove curse
Potions
 b - a potion of curing {unknown}
 e - a potion of berserk rage {unknown}
 l - a potion of ambrosia {unknown}
Comestibles
 f - 2 bread rations
 g - a royal jelly


   Skills:
 * Level 1.9 Fighting
 - Level 1.0 Polearms
 * Level 1.3 Dodging
 - Level 1.5 Stealth
 * Level 2.2 Spellcasting
 - Level 5.8 Translocations
   Level 1.3 Evocations


You had one spell level left.
You knew the following spells:

 Your Spells              Type           Power        Failure   Level  Hunger
a - Blink                 Tloc           N/A          3%          2    ###....
b - Shroud of Golubria    Chrm/Tloc      #.........   14%         2    ###....


Dungeon Overview and Level Annotations

Branches:
Dungeon (2/15)

Altars:

Annotations:
D:2 Natasha


Innate Abilities, Weirdness & Mutations

You are very small and have problems with some larger weapons.
You are too small for most types of armour.
You have supernaturally acute eyesight. (SInv)
You are a herbivore.
You cover ground extremely quickly.
You need consume almost no food.


Message History

Natasha is moderately wounded.
Natasha barely misses you.
You closely miss Natasha.
Natasha is moderately wounded.
Natasha closely misses you. Natasha claws you but does no damage.
You hit Natasha.
Natasha is heavily wounded.
Natasha casts a spell at you.
You feel as though you will be slow longer.
You hit Natasha but do no damage.
Natasha is heavily wounded.
Natasha closely misses you. Natasha claws you but does no damage.
You puncture Natasha!
Natasha is almost dead.
Natasha casts a spell at you. The magic dart hits you!
Natasha closely misses you.
You closely miss Natasha.
Natasha is almost dead.
Natasha claws you!
You die...

.# .# #.# .. .#
.#..#
#..##########...#
#....h@......#.#
...##########.#.#
#.#.# #.#.# #.#.#
#.#.########
#..........#
#.#.######.#
#.#.# #.#


You could see Natasha.

Vanquished Creatures
  A dart slug (D:1)
  3 bats
  A giant cockroach (D:1)
  3 hobgoblins
  2 goblins
  4 rats (D:1)
14 creatures vanquished.

Notes
Turn   | Place    | Note
-------+----------+-------------------------------------------
     0 | D:1      | Chiseanne the Spriggan Wanderer began the quest for the Orb.
     0 | D:1      | Chiseanne set off with: a +2 spear, the Collected Works on Stones, the Tome of the Compass, a +0 robe, a bread ration
     0 | D:1      | Reached XP level 1. HP: 10/10 MP: 3/3
     1 | D:1      | Identified the Collected Works on Stones
     1 | D:1      | Identified the Tome of the Compass
   317 | D:1      | Reached skill level 1 in Dodging
   447 | D:1      | Reached XP level 2. HP: 15/15 MP: 6/6
   451 | D:1      | Learned a level 2 spell: Blink
   454 | D:1      | Learned a level 2 spell: Shroud of Golubria
  1070 | D:2      | Noticed Natasha
  1085 | D:2      | Slain by Natasha

Vault maps used:
D:1:      minmay_arrival_four_loops, minmay_tromino_i4
D:2:      lemuel_coloured_pillars_altar, st_stairs_14, hangedman_glass_teeth,
          uniq_natasha

Skill      XL: |  1 |
---------------+----+-----
Dodging        | 1 |  1.3
Spellcasting   | 2 |  2.2
Fighting       | |  1.9
Polearms       | |  1.0
Stealth        | |  1.5
Translocations | |  5.8
Evocations     | |  1.3

Action                   || total
-------------------------++-------
Melee: Spear             ||    50
  Use: Scroll            ||     1
 Stab: Sleeping          ||     1
Armor: Robe              ||     8
Dodge: Dodged            ||    38
